| TOP OF THE 1ST |
|
Missoula Osprey batting - Pitching for Grand Junction Rockies : LHP Omar Samario
|
|
Pitching: LHP Omar Samario
|
|
|
Batting: RHB Isaiah Hampton
|
0-0: Called Strike 0-1: Ball 1-1: TRIPLE (Line Drive, 9LD, EV 110.0 MPH)
|
|
Batting: RHB Hector Tabares
|
0-0: Foul Ball, location: 2F 0-1: Ground out 6-3 (Groundball, 6, EV 102.5 MPH) Isaiah Hampton scores
|
|
Batting: LHB Danny Salas
|
0-0: Swinging Strike 0-1: Ball 1-1: SOLO HOME RUN (Flyball, 78XD, EV 113.1 MPH), Distance : 430 ft
|
|
Batting: RHB Edwin Romero
|
0-0: Called Strike 0-1: Fly out, F7 (Line Drive, 7LS, EV 101.2 MPH)
|
|
Batting: RHB Jimmy McIntosh
|
0-0: Called Strike 0-1: Ground out 6-3 (Groundball, 6S, EV 89.4 MPH)
|
| Top of the 1st over - 2 runs, 2 hits, 0 errors, 0 left on base; Missoula 2 - Grand Junction 0 |
| BOTTOM OF THE 1ST |
|
Grand Junction Rockies batting - Pitching for Missoula Osprey : RHP Jason Maki
|
|
Pitching: RHP Jason Maki
|
|
|
Batting: RHB Josh Lofgreen
|
0-0: Ball 1-0: Called Strike 1-1: Ball 2-1: Ball 3-1: Ground out 5-3 (Groundball, 56, EV 102.5 MPH)
|
|
Batting: RHB Edwin Bejarano
|
0-0: Called Strike 0-1: Foul Ball, location: 2F 0-2: Ball 1-2: Strikes out swinging
|
|
Batting: RHB Wali Mulogo
|
0-0: Ball 1-0: Ball 2-0: Ball 3-0: Base on Balls
|
|
Batting: RHB Justin Garrett
|
0-0: Ball 1-0: Ball 2-0: Ball 3-0: Base on Balls Wali Mulogo to second
|
|
Batting: RHB Ryan Ward
|
0-0: Ground out 4-3 (Groundball, 4MS, EV 74.4 MPH)
|
| Bottom of the 1st over - 0 runs, 0 hits, 0 errors, 2 left on base; Missoula 2 - Grand Junction 0 |
| TOP OF THE 2ND |
|
Missoula Osprey batting - Pitching for Grand Junction Rockies : LHP Omar Samario
|
|
Batting: RHB Claude Leduc
|
0-0: Ball 1-0: Ball 2-0: Ball 3-0: Called Strike 3-1: Base on Balls
|
|
Batting: RHB Juan Mejia
|
0-0: Ball Passed Ball! Claude Leduc to second 1-0: Ball 2-0: Ball 3-0: Base on Balls
|
|
Batting: RHB Jose Cuellar
|
0-0: Ball Wild Pitch! Claude Leduc to third Juan Mejia to second 1-0: Called Strike 1-1: Fly out, F3 (Popup, 3SF, EV 78.8 MPH)
|
|
Batting: RHB Dave Beerman
|
0-0: Called Strike 0-1: Hit by Pitch
|
|
Batting: RHB Isaiah Hampton
|
0-0: SINGLE (Flyball, 8RS, EV 88.1 MPH) Claude Leduc scores Juan Mejia to third Dave Beerman to second
|
|
Batting: RHB Hector Tabares
|
0-0: Foul Ball, location: 2F 0-1: Swinging Strike 0-2: Ball 1-2: Foul Ball, location: 2F 1-2: Grounds into fielders choice 1-2 (Groundball, 15S, EV 70.6 MPH) Dave Beerman to third Isaiah Hampton to second
|
|
Batting: LHB Danny Salas
|
0-0: Ball Wild Pitch! Dave Beerman scores Isaiah Hampton to third Hector Tabares to second 1-0: Foul Ball, location: 2F 1-1: DOUBLE (Line Drive, 7LM, EV 102.5 MPH) Isaiah Hampton scores Hector Tabares scores
|
|
Batting: RHB Edwin Romero
|
0-0: Ball 1-0: Ball 2-0: Foul Ball, location: 2F 2-1: Ball 3-1: Base on Balls
|
|
Batting: RHB Jimmy McIntosh
|
0-0: Swinging Strike 0-1: Ball 1-1: Ball 2-1: Ball 3-1: Foul Ball, location: 2F 3-2: Strikes out swinging
|
| Top of the 2nd over - 4 runs, 2 hits, 0 errors, 2 left on base; Missoula 6 - Grand Junction 0 |
| BOTTOM OF THE 2ND |
|
Grand Junction Rockies batting - Pitching for Missoula Osprey : RHP Jason Maki
|
|
Batting: SHB Oscar Barahona
|
0-0: Ground out 4-3 (Groundball, 34, EV 106.2 MPH)
|
|
Batting: RHB Tom Gentry
|
0-0: Called Strike 0-1: Ball 1-1: Ball 2-1: Ball 3-1: Called Strike 3-2: Foul Ball, location: 2F 3-2: Strikes out looking
|
|
Batting: LHB Rich Rauda
|
0-0: Foul Ball, location: 2F 0-1: Ball 1-1: Swinging Strike 1-2: Foul Ball, location: 2F 1-2: Ball 2-2: Strikes out swinging
|
| Bottom of the 2nd over - 0 runs, 0 hits, 0 errors, 0 left on base; Missoula 6 - Grand Junction 0 |
| TOP OF THE 3RD |
|
Missoula Osprey batting - Pitching for Grand Junction Rockies : LHP Omar Samario
|
|
Batting: RHB Claude Leduc
|
0-0: Ball 1-0: Foul Ball, location: 2F 1-1: Swinging Strike 1-2: Strikes out swinging
|
|
Batting: RHB Juan Mejia
|
0-0: Ball 1-0: Called Strike 1-1: Ground out 6-3 (Groundball, 6, EV 103.8 MPH)
|
|
Batting: RHB Jose Cuellar
|
0-0: Foul Ball, location: 2F 0-1: Ball 1-1: Ball 2-1: Foul Ball, location: 2F 2-2: DOUBLE (Groundball, 5L, EV 101.9 MPH)
|
|
Batting: RHB Dave Beerman
|
0-0: Fly out, F7 (Flyball, 7, EV 88.1 MPH)
|
| Top of the 3rd over - 0 runs, 1 hit, 0 errors, 1 left on base; Missoula 6 - Grand Junction 0 |
| BOTTOM OF THE 3RD |
|
Grand Junction Rockies batting - Pitching for Missoula Osprey : RHP Jason Maki
|
|
Batting: SHB Rich McDonald
|
0-0: Ball 1-0: Swinging Strike 1-1: Ball 2-1: Foul Ball, location: 2F 2-2: Ball 3-2: Strikes out looking
|
|
Batting: RHB Josh Lofgreen
|
0-0: Called Strike 0-1: Ball 1-1: SINGLE (Groundball, 4MS, EV 74.4 MPH) (infield hit)
|
|
Batting: RHB Edwin Bejarano
|
0-0: Called Strike 0-1: Ball 1-1: Ball 2-1: SINGLE (Flyball, 56D, EV 89.4 MPH) Josh Lofgreen to second
|
|
Batting: RHB Wali Mulogo
|
0-0: Ball 1-0: Ball 2-0: Ball 3-0: Called Strike 3-1: DOUBLE (Line Drive, 7LS, EV 108.1 MPH) Josh Lofgreen scores Edwin Bejarano to third
|
|
Batting: RHB Justin Garrett
|
0-0: Ball 1-0: Called Strike 1-1: Foul Ball, location: 2F 1-2: Ball 2-2: Ground out 6-3 (Groundball, 6S, EV 90.0 MPH) Edwin Bejarano scores Wali Mulogo to third
|
|
Batting: RHB Ryan Ward
|
0-0: Foul Ball, location: 2F 0-1: Ball 1-1: Foul Ball, location: 2F 1-2: Ball 2-2: Fly out, F8 (Flyball, 8RXD, EV 96.9 MPH)
|
| Bottom of the 3rd over - 2 runs, 3 hits, 0 errors, 1 left on base; Missoula 6 - Grand Junction 2 |
| TOP OF THE 4TH |
|
Missoula Osprey batting - Pitching for Grand Junction Rockies : LHP Omar Samario
|
|
Batting: RHB Isaiah Hampton
|
0-0: Ball 1-0: Called Strike 1-1: Ground out 1-3 (Groundball, 13S, EV 61.2 MPH)
|
|
Pitching: LHP Mike Pierce
|
|
|
Batting: RHB Hector Tabares
|
0-0: Called Strike 0-1: Ball 1-1: SINGLE (Line Drive, 4D, EV 101.2 MPH)
|
|
Batting: LHB Danny Salas
|
0-0: Ball 1-0: Ball 2-0: Called Strike 2-1: Called Strike Hector Tabares steals 2nd base 2-2: Ball 3-2: Base on Balls
|
|
Batting: RHB Edwin Romero
|
0-0: Called Strike 0-1: Ball Passed Ball! Hector Tabares to third Danny Salas to second 1-1: Ball Passed Ball! Hector Tabares scores Danny Salas to third 2-1: Ball Passed Ball! Danny Salas scores 3-1: Base on Balls
|
|
Batting: RHB Jimmy McIntosh
|
0-0: Ball 1-0: Ball Passed Ball! Edwin Romero to second 2-0: Called Strike 2-1: Ball 3-1: Called Strike 3-2: Foul Ball, location: 2F 3-2: Foul Ball, location: 2F 3-2: Strikes out swinging
|
|
Batting: RHB Claude Leduc
|
0-0: Ball 1-0: Ball Passed Ball! Edwin Romero to third 2-0: Ball 3-0: Base on Balls
|
|
Batting: RHB Juan Mejia
|
0-0: Ball Passed Ball! Edwin Romero scores Claude Leduc to second 1-0: Foul Ball, location: 2F 1-1: Swinging Strike 1-2: Ball 2-2: Fly out, F7 (Flyball, 7S, EV 80.6 MPH)
|
| Top of the 4th over - 3 runs, 1 hit, 0 errors, 1 left on base; Missoula 9 - Grand Junction 2 |
| BOTTOM OF THE 4TH |
|
Grand Junction Rockies batting - Pitching for Missoula Osprey : RHP Jason Maki
|
|
Batting: SHB Oscar Barahona
|
0-0: SINGLE (Groundball, 3D, EV 93.8 MPH)
|
|
Batting: RHB Tom Gentry
|
0-0: SINGLE (Groundball, 34D, EV 100.6 MPH) Oscar Barahona to second
|
|
Batting: LHB Rich Rauda
|
0-0: Ball 1-0: Ball 2-0: Ball 3-0: Base on Balls Oscar Barahona to third Tom Gentry to second
|
|
Batting: SHB Rich McDonald
|
0-0: Ball 1-0: Ball 2-0: Ball 3-0: Called Strike 3-1: Base on Balls Oscar Barahona scores Tom Gentry to third Rich Rauda to second
|
|
Pitching: RHP Ramiz JambakurIan
|
|
|
Batting: RHB Josh Lofgreen
|
0-0: Fielders Choice at 2nd, 3-6 (Groundball, 34S, EV 84.4 MPH) Tom Gentry scores Rich Rauda to third
|
|
Batting: RHB Edwin Bejarano
|
0-0: Ball 1-0: Called Strike 1-1: Ball Josh Lofgreen steals 2nd base 2-1: Ball 3-1: Fly out, F8 (Flyball, 8LD, EV 103.8 MPH)
|
|
Batting: RHB Wali Mulogo
|
0-0: Foul Ball, location: 2F 0-1: Foul Ball, location: 2F 0-2: Ground out 6-3 (Groundball, 6, EV 103.1 MPH)
|
| Bottom of the 4th over - 2 runs, 2 hits, 0 errors, 2 left on base; Missoula 9 - Grand Junction 4 |
| TOP OF THE 5TH |
|
Missoula Osprey batting - Pitching for Grand Junction Rockies : LHP Mike Pierce
|
|
Batting: RHB Jose Cuellar
|
0-0: Ball 1-0: Called Strike 1-1: Ball 2-1: Ball 3-1: Swinging Strike 3-2: Strikes out swinging
|
|
Batting: RHB Dave Beerman
|
0-0: Ball 1-0: Foul Ball, location: 2F 1-1: Ball 2-1: DOUBLE (Flyball, 7LD, EV 103.8 MPH)
|
|
Batting: RHB Isaiah Hampton
|
0-0: Ball 1-0: Ball 2-0: Ground out 5-3 (Groundball, 56, EV 91.9 MPH)
|
|
Batting: RHB Hector Tabares
|
0-0: Called Strike 0-1: Ball Passed Ball! Dave Beerman to third 1-1: Foul Ball, location: 2F 1-2: Fly out, F3 (Line Drive, 3L, EV 70.0 MPH)
|
| Top of the 5th over - 0 runs, 1 hit, 0 errors, 1 left on base; Missoula 9 - Grand Junction 4 |
| BOTTOM OF THE 5TH |
|
Grand Junction Rockies batting - Pitching for Missoula Osprey : RHP Ramiz JambakurIan
|
|
Batting: RHB Justin Garrett
|
0-0: Swinging Strike 0-1: DOUBLE (Line Drive, 78XD, EV 102.5 MPH)
|
|
Batting: RHB Ryan Ward
|
0-0: Called Strike 0-1: Ball 1-1: Ball 2-1: Fly out, F8 (Flyball, 8RD, EV 106.9 MPH)
|
|
Batting: SHB Oscar Barahona
|
0-0: Called Strike 0-1: Fly out, F6 (Popup, 6M, EV 60.0 MPH)
|
|
Batting: RHB Tom Gentry
|
0-0: Ball 1-0: Fly out, F8 (Line Drive, 8LD, EV 87.5 MPH)
|
| Bottom of the 5th over - 0 runs, 1 hit, 0 errors, 1 left on base; Missoula 9 - Grand Junction 4 |
| TOP OF THE 6TH |
|
Missoula Osprey batting - Pitching for Grand Junction Rockies : LHP Mike Pierce
|
|
Batting: LHB Danny Salas
|
0-0: Ball 1-0: Ball 2-0: Called Strike 2-1: Swinging Strike 2-2: Ball 3-2: Foul Ball, location: 2F 3-2: SINGLE (Groundball, 4MS, EV 69.4 MPH) (infield hit)
|
|
Batting: RHB Edwin Romero
|
0-0: Ball Passed Ball! Danny Salas to second 1-0: Foul Ball, location: 2F 1-1: Ball Passed Ball! Danny Salas to third 2-1: Ball 3-1: Ground out 4-3 (Groundball, 4MS, EV 71.9 MPH) Danny Salas scores
|
|
Batting: RHB Jimmy McIntosh
|
0-0: Ball 1-0: Ball 2-0: Ball 3-0: Base on Balls
|
|
Batting: RHB Claude Leduc
|
0-0: Ball 1-0: Ball Wild Pitch! Jimmy McIntosh to second 2-0: Ball Passed Ball! Jimmy McIntosh to third 3-0: Base on Balls
|
|
Batting: RHB Juan Mejia
|
0-0: Ball Passed Ball! Jimmy McIntosh scores Claude Leduc to second 1-0: DOUBLE (Line Drive, 89M, EV 97.5 MPH) Claude Leduc scores
|
|
Pitching: RHP Ivan Castaneda
|
|
|
Batting: RHB Jose Cuellar
|
0-0: Fly out, F9 (Flyball, 9LD, EV 74.4 MPH) Runner from 2nd tags up, SAFE at 3rd, no throw by RF
|
|
Batting: RHB Dave Beerman
|
0-0: Ball Passed Ball! Juan Mejia scores 1-0: Fly out, F7 (Flyball, 78M, EV 89.4 MPH)
|
| Top of the 6th over - 4 runs, 2 hits, 0 errors, 0 left on base; Missoula 13 - Grand Junction 4 |
| BOTTOM OF THE 6TH |
|
Grand Junction Rockies batting - Pitching for Missoula Osprey : RHP Ramiz JambakurIan
|
|
Batting: LHB Rich Rauda
|
0-0: Ball 1-0: SINGLE (Groundball, 34S, EV 70.6 MPH) (infield hit)
|
|
Batting: SHB Rich McDonald
|
0-0: Called Strike 0-1: Fielders Choice at 2nd, 3-6 (Groundball, 34, EV 103.8 MPH)
|
|
Batting: RHB Josh Lofgreen
|
0-0: Called Strike 0-1: Called Strike 0-2: Ball 1-2: DOUBLE (Line Drive, 3D, EV 96.9 MPH) Rich McDonald to third Runner from 3rd tries for Home, throw by RF and OUT! 9-4-2 Josh Lofgreen to third
|
|
Batting: RHB Edwin Bejarano
|
0-0: Foul Ball, location: 2F 0-1: Ground out 5-3 (Groundball, 15, EV 85.0 MPH)
|
| Bottom of the 6th over - 0 runs, 2 hits, 0 errors, 1 left on base; Missoula 13 - Grand Junction 4 |
| TOP OF THE 7TH |
|
Missoula Osprey batting - Pitching for Grand Junction Rockies : RHP Ivan Castaneda
|
|
Batting: RHB Isaiah Hampton
|
0-0: Ground out 4-3 (Groundball, 4, EV 98.1 MPH)
|
|
Batting: RHB Hector Tabares
|
0-0: Foul Ball, location: 2F 0-1: Ball 1-1: Ball 2-1: Swinging Strike 2-2: Foul Ball, location: 2F 2-2: Ball 3-2: Foul Ball, location: 2F 3-2: Foul Ball, location: 2F 3-2: Foul Ball, location: 2F 3-2: Strikes out swinging
|
|
Batting: LHB Danny Salas
|
0-0: Called Strike 0-1: Foul Ball, location: 2F 0-2: SINGLE (Line Drive, 56D, EV 96.9 MPH)
|
|
Batting: RHB Edwin Romero
|
0-0: Called Strike 0-1: Ball Wild Pitch! Danny Salas to second 1-1: Ball 2-1: Swinging Strike Passed Ball! Danny Salas to third 2-2: Foul Ball, location: 2F 2-2: Ground out 5-3 (Groundball, 56, EV 97.5 MPH)
|
| Top of the 7th over - 0 runs, 1 hit, 0 errors, 1 left on base; Missoula 13 - Grand Junction 4 |
| BOTTOM OF THE 7TH |
|
Grand Junction Rockies batting - Pitching for Missoula Osprey : RHP Ramiz JambakurIan
|
|
Batting: RHB Wali Mulogo
|
0-0: Called Strike 0-1: Ball 1-1: Swinging Strike 1-2: Ball 2-2: Ground out 3-1 (Groundball, 34, EV 90.6 MPH)
|
|
Batting: RHB Justin Garrett
|
0-0: Fly out, F7 (Flyball, 7S, EV 76.9 MPH)
|
|
Batting: RHB Ryan Ward
|
0-0: Ball 1-0: Ball 2-0: Ball 3-0: Called Strike 3-1: Base on Balls
|
|
Batting: SHB Oscar Barahona
|
0-0: Ball Ryan Ward steals 2nd base (no throw) 1-0: Foul Ball, location: 2F 1-1: Ball 2-1: Ball 3-1: Base on Balls
|
|
Pitching: LHP Bobby Manning
|
|
|
Batting: RHB Tom Gentry
|
0-0: Called Strike 0-1: Swinging Strike 0-2: Foul Ball, location: 2F 0-2: Foul Ball, location: 2F 0-2: Ball 1-2: Strikes out looking
|
| Bottom of the 7th over - 0 runs, 0 hits, 0 errors, 2 left on base; Missoula 13 - Grand Junction 4 |
| TOP OF THE 8TH |
|
Missoula Osprey batting - Pitching for Grand Junction Rockies : RHP Ivan Castaneda
|
|
Batting: RHB Jimmy McIntosh
|
0-0: Ball 1-0: SINGLE (Line Drive, 6D, EV 110.0 MPH)
|
|
Batting: RHB Claude Leduc
|
0-0: Called Strike 0-1: Swinging Strike 0-2: Ball 1-2: Strikes out swinging
|
|
Batting: RHB Juan Mejia
|
0-0: Called Strike 0-1: Ball 1-1: Called Strike 1-2: Ball 2-2: Ball Wild Pitch! Jimmy McIntosh to second 3-2: Foul Ball, location: 2F 3-2: Foul Ball, location: 2F 3-2: Base on Balls
|
|
Batting: RHB Jose Cuellar
|
0-0: Called Strike 0-1: Fielders Choice at 2nd, 4-6 (Groundball, 4MS, EV 86.9 MPH) Jimmy McIntosh to third
|
|
Batting: RHB Dave Beerman
|
0-0: Ball Passed Ball! Jimmy McIntosh scores Jose Cuellar to second 1-0: 2-RUN HOME RUN (Flyball, 7D, EV 98.8 MPH), Distance : 375 ft
|
|
Batting: RHB Isaiah Hampton
|
0-0: Ball 1-0: Ball 2-0: Foul Ball, location: 2F 2-1: Ball 3-1: Base on Balls
|
|
Batting: RHB Hector Tabares
|
0-0: Ball Passed Ball! Isaiah Hampton to second 1-0: Foul Ball, location: 2F 1-1: Fly out, F8 (Flyball, 8RM, EV 88.8 MPH)
|
| Top of the 8th over - 3 runs, 2 hits, 0 errors, 1 left on base; Missoula 16 - Grand Junction 4 |
| BOTTOM OF THE 8TH |
|
Grand Junction Rockies batting - Pitching for Missoula Osprey : LHP Bobby Manning
|
|
Pinch Hitting: SHB J.D. Newman
|
0-0: Fly out, F7 (Line Drive, 7LS, EV 98.1 MPH)
|
|
Batting: SHB Rich McDonald
|
0-0: Ball 1-0: Ground out 5-3 (Groundball, 56S, EV 61.2 MPH)
|
|
Batting: RHB Josh Lofgreen
|
0-0: Ball 1-0: Called Strike 1-1: Ball 2-1: Foul Ball, location: 2F 2-2: SINGLE (Groundball, 56D, EV 100.0 MPH)
|
|
Batting: RHB Edwin Bejarano
|
0-0: Ball 1-0: Ball 2-0: Foul Ball, location: 2F 2-1: 2-RUN HOME RUN (Flyball, 7LD, EV 90.6 MPH), Distance : 338 ft
|
|
Batting: RHB Wali Mulogo
|
0-0: Foul Ball, location: 2F 0-1: Ball 1-1: DOUBLE (Line Drive, 7LM, EV 104.4 MPH)
|
|
Batting: RHB Justin Garrett
|
0-0: Ball 1-0: Foul Ball, location: 2F 1-1: Swinging Strike 1-2: Ball 2-2: Ball 3-2: Foul Ball, location: 2F 3-2: Foul Ball, location: 2F 3-2: Base on Balls
|
|
Batting: RHB Ryan Ward
|
0-0: Ball 1-0: Ball 2-0: Ball 3-0: Called Strike 3-1: DOUBLE (Line Drive, 7LM, EV 97.5 MPH) Wali Mulogo scores Justin Garrett to third
|
|
Batting: SHB Oscar Barahona
|
0-0: Ball 1-0: Called Strike 1-1: Fly out, F8 (Flyball, 8LXD, EV 88.8 MPH)
|
| Bottom of the 8th over - 3 runs, 4 hits, 0 errors, 2 left on base; Missoula 16 - Grand Junction 7 |
| TOP OF THE 9TH |
|
Missoula Osprey batting - Pitching for Grand Junction Rockies : RHP Ivan Castaneda
|
|
Now in RF: J.D. Newman
|
|
|
Batting: LHB Danny Salas
|
0-0: Called Strike 0-1: Ball 1-1: Swinging Strike 1-2: Foul Ball, location: 2F 1-2: Strikes out swinging
|
|
Batting: RHB Edwin Romero
|
0-0: Fly out, F7 (Flyball, 7D, EV 98.8 MPH)
|
|
Batting: RHB Jimmy McIntosh
|
0-0: Ball 1-0: Ball 2-0: SINGLE (Flyball, 56D, EV 93.8 MPH)
|
|
Batting: RHB Claude Leduc
|
0-0: Ball 1-0: Ball 2-0: Ball 3-0: Base on Balls Jimmy McIntosh to second
|
|
Pitching: RHP Xavier Williams
|
|
|
Batting: RHB Juan Mejia
|
0-0: Called Strike 0-1: Ball 1-1: Ground out 4-3 (Groundball, 4, EV 95.0 MPH)
|
| Top of the 9th over - 0 runs, 1 hit, 0 errors, 2 left on base; Missoula 16 - Grand Junction 7 |
| BOTTOM OF THE 9TH |
|
Grand Junction Rockies batting - Pitching for Missoula Osprey : LHP Bobby Manning
|
|
Batting: RHB Tom Gentry
|
0-0: DOUBLE (Groundball, 5L, EV 105.6 MPH)
|
|
Batting: SHB J.D. Newman
|
0-0: Swinging Strike 0-1: Foul Ball, location: 2F 0-2: Ball 1-2: Foul Ball, location: 2F 1-2: Strikes out looking
|
|
Pitching: LHP Ian Tamburrino
|
|
|
Batting: SHB Rich McDonald
|
0-0: Ball 1-0: Called Strike 1-1: Called Strike 1-2: Ball 2-2: Ball 3-2: Ground out 6-3 (Groundball, 6, EV 96.9 MPH)
|
|
Batting: RHB Josh Lofgreen
|
0-0: Ball 1-0: Swinging Strike 1-1: Foul Ball, location: 2F 1-2: SINGLE (Groundball, 6D, EV 94.4 MPH) Tom Gentry to third
|
|
Batting: RHB Edwin Bejarano
|
0-0: Called Strike 0-1: Ball 1-1: Fly out, F7 (Line Drive, 7LM, EV 86.9 MPH)
|
| Bottom of the 9th over - 0 runs, 2 hits, 0 errors, 2 left on base; Missoula 16 - Grand Junction 7 |
|